[Event "Late-Titled-Tuesday-Blitz-January-16-2024"]
[Site "Chess.com"]
[Date "2024.01.16"]
[Round "2"]
[White "babero_gordo"]
[Black "eCztery"]
[Result "1/2-1/2"]
[WhiteElo "1973"]
[BlackElo "2426"]
[TimeControl "180+1"]
[EndTime "14:15:39 PST"]
[Termination "Game drawn by repetition"]

1. e4 d5 2. exd5 Qxd5 3. Nc3 Qa5 4. Bc4 Nf6 5. d3 e5 6. Bd2 Qb6 7. Qe2 Nc6 8. h3 Nd4 9. Qxe5+ Be7 10. O-O-O Be6 11.
Nb5 Nxb5 12. Qxb5+ Qxb5 13. Bxb5+ c6 14. Bc4 Bxc4 15. dxc4 O-O-O 16. Nf3 Ne4 17. Be3 Bc5 18. Bxc5 Nxc5 19. Ne5 Rhe8 20. Nxf7 Rxd1+ 21. Rxd1 Re2 22. Rd2 Re1+ 23. Rd1 Re2 24. Rd2 Re1+ 25. Rd1 Re2 1/2-1/2

[Event "Late-Titled-Tuesday-Blitz-January-16-2024"]
[Site "Chess.com"]
[Date "2024.01.16"]
[Round "2"]
[White "campochess"]
[Black "wanyaland"]
[Result "0-1"]
[WhiteElo "2144"]
[BlackElo "2478"]
[TimeControl "180+1"]
[EndTime "14:15:40 PST"]
[Termination "wanyaland won by resignation"]

1. e4 c5 2. c3 Nf6 3. d3 Nc6 4. Bg5 d5 5. Bxf6 gxf6 6. Nd2 e5 7. Ne2 Be6 8. Ng3 Qd7 9. Be2 O-O-O 10. Qa4 Kb8 11.
Rc1 Be7 12. exd5 Bxd5 13. Nde4 f5 14. Nd2 Bxg2 15. Bf3 Nd4 16. Bxg2 Qxa4 17. cxd4 cxd4 18. O-O Qd7 19. Nc4 Qe6 20. Rfe1 f6 21. Bh3 Rhg8 22. Kf1 Rg5 23. f4 Rg4 24. Bxg4 fxg4 25. fxe5 Qd5 26. Nf5 Qf3+ 27. Kg1 Qxf5 28. Rf1 Qxd3 29. exf6 Bf8 30.
Ne5 Qe3+ 0-1

[Event "Late-Titled-Tuesday-Blitz-January-16-2024"]
[Site "Chess.com"]
[Date "2024.01.16"]
[Round "2"]
[White "Cheer_Down"]
[Black "miraitrunks"]
[Result "1-0"]
[WhiteElo "2460"]
[BlackElo "2088"]
[TimeControl "180+1"]
[EndTime "14:15:42 PST"]
[Termination "Cheer_Down won by resignation"]

1. d4 d5 2. c4 Bf5 3. cxd5 Bxb1 4. Qa4+ c6 5. dxc6 Nxc6 6. Rxb1 Qxd4 7. Qxd4 Nxd4 8. e3 Nc2+ 9. Kd1 Nb4 10. Bb5+ Nc6 11. Bxc6+ bxc6 12. Nf3 O-O-O+ 13. Kc2 f6 14. Nd4 Rd6 15. b3 e5 16. Nf5 Rd5 17. e4 Rc5+ 18. Kb2 Ra5 19. Be3 Ba3+ 20. Kc2 g6 21. Ng3 Ne7 22.
Rhd1 Rd8 23. Rxd8+ Kxd8 24. Rd1+ Kc7 25. Ne2 Bb4 26. a4 c5 27. Kd3 Nc6 28. Kc4 Nd4 29. Bxd4 exd4 30. Nc1 Bc3 31. Nd3 Kd6 32. f4 Ra6 33. Nxc5 Rc6 34. b4 a5 35. e5+ fxe5 36.
fxe5+ Kxe5 37. Kb5 Rc8 38. bxa5 Kd5 39. Nb7 Ke4 40. a6 d3 41. Nd6+ Ke3 42. Nxc8 1-0

[Event "Late-Titled-Tuesday-Blitz-January-16-2024"]
[Site "Chess.com"]
[Date "2024.01.16"]
[Round "2"]
[White "Roedor"]
[Black "chucksterf10"]
[Result "0-1"]
[WhiteElo "2358"]
[BlackElo "2633"]
[TimeControl "180+1"]
[EndTime "14:15:56 PST"]
[Termination "chucksterf10 won by resignation"]

1. Nf3 Nc6 2. d4 d6 3. g3 e5 4. dxe5 Nxe5 5. Nxe5 dxe5 6. Qxd8+ Kxd8 7. Bg2 c6 8. O-O Kc7 9. a4 f6 10. a5 Bc5 11. c3 a6 12. Nd2 Ne7 13. Nc4 Be6 14. Be3 Bxe3 15. Nxe3 Rhd8 16. Rfd1 Bb3 17. Rxd8 Rxd8 18.
Kf1 Rd2 19. Rb1 Ba2 20. Ke1 Rxe2+ 21. Kxe2 Bxb1 22. Nc4 Nd5 23. Bxd5 cxd5 24. Nb6 Kc6 25. b4 Bf5 26. Ke3 h5 27. f4 Be6 28. h4 Kb5 29.
fxe5 fxe5 30. Kd3 Bf5+ 31. Ke3 d4+ 32. cxd4 exd4+ 33. Kxd4 Kxb4 34. Nc4 Be6 35. Nd6 Kxa5 36. Nxb7+ Kb5 37. Ke5 Bb3 38. Kd6 a5 39. Nc5 a4 40.
Nxa4 Kxa4 41. Ke7 Bc2 42. Kf7 g6 43. Kf6 Kb5 44. Kg5 Bf5 45. g4 hxg4 46. h5 gxh5 47. Kxf5 g3 0-1

[Event "Late-Titled-Tuesday-Blitz-January-16-2024"]
[Site "Chess.com"]
[Date "2024.01.16"]
[Round "2"]
[White "Actuary44"]
[Black "tarno17"]
[Result "1-0"]
[WhiteElo "2493"]
[BlackElo "2169"]
[TimeControl "180+1"]
[EndTime "14:15:57 PST"]
[Termination "Actuary44 won on time"]

1. e4 c5 2. d4 cxd4 3. c3 d5 4. exd5 Qxd5 5. cxd4 e6 6. Nf3 Nf6 7. Nc3 Qd6 8. Bd3 a6 9. O-O Be7 10. Bg5 O-O 11. Rc1 Nc6 12. Bb1 h6 13. Bh4 b5 14. a3 Bb7 15. Qd3 g6 16. Bg3 Qd8 17. Rfd1 Qb6 18. h3 Rad8 19. Qe3 Na5 20. Qxh6 Bxf3 21. gxf3 Nc4 22. Be5 Nxe5 23. dxe5 Rxd1+ 24. Rxd1 Nh7 25. Rd7 Bg5 26. Rd6 1-0

[Event "Late-Titled-Tuesday-Blitz-January-16-2024"]
[Site "Chess.com"]
[Date "2024.01.16"]
[Round "2"]
[White "szachmistrz2500"]
[Black "DonJuanEGenaro"]
[Result "1-0"]
[WhiteElo "2426"]
[BlackElo "1911"]
[TimeControl "180+1"]
[EndTime "14:16:03 PST"]
[Termination "szachmistrz2500 won by resignation"]

1. e4 c5 2. Nf3 Nc6 3. d4 cxd4 4. Nxd4 e5 5. Nb5 d6 6. c4 a6 7. N5a3 Nf6 8. Nc3 Be6 9. Be3 Be7 10. Be2 O-O 11. O-O Qa5 12. Qd2 Rfd8 13. f3 d5 14.
Nxd5 Qxd2 15. Bxd2 Bxa3 16. bxa3 Nd4 17. Bd3 Nxd5 18.
cxd5 Bd7 19. Rfc1 Rdc8 20. Kf2 Bb5 21. Ke3 f5 22. Bc3 f4+ 23. Kd2 Bxd3 24. Kxd3 Nb5 25. Bxe5 Nxa3 26. Bxf4 b5 27. Be5 Nc4 28. Bd4 Rd8 29.
a4 Rab8 30. axb5 axb5 31. Ra7 1-0

[Event "Late-Titled-Tuesday-Blitz-January-16-2024"]
[Site "Chess.com"]
[Date "2024.01.16"]
[Round "2"]
[White "DraningWaterHi"]
[Black "Rdeux42"]
[Result "1-0"]
[WhiteElo "2219"]
[BlackElo "2489"]
[TimeControl "180+1"]
[EndTime "14:16:09 PST"]
[Termination "DraningWaterHi won on time"]

1. d4 Nf6 2. c4 g6 3. g3 Bg7 4. Bg2 O-O 5. Nc3 d6 6. Nf3 Nc6 7. O-O Rb8 8. b3 Bf5 9. Nh4 Bd7 10. Bb2 e5 11. d5 Ne7 12. e4 h6 13. Nf3 Nh7 14.
Ne1 f5 15. Nd3 fxe4 16. Nxe4 Nf5 17. c5 Qe7 18. cxd6 cxd6 19. Qd2 Nf6 20. Nxf6+ Bxf6 21. Be4 Bg5 22. Qe2 Nd4 23. Bxd4 exd4 24. f4 Rbe8 25. Rae1 Bf5 26. Bxf5 Qxe2 27. Rxe2 Rxe2 28. Be6+ Rxe6 29. dxe6 Bf6 30. Re1 Re8 31. g4 Kf8 32. f5 gxf5 33.
gxf5 Ke7 34. Nf4 Be5 35. Nd5+ Kd8 36. Kf2 Rg8 37. Rg1 Rg5 38. Rxg5 hxg5 39. h3 a6 40. f6 Ke8 41. f7+ 1-0

[Event "Late-Titled-Tuesday-Blitz-January-16-2024"]
[Site "Chess.com"]
[Date "2024.01.16"]
[Round "2"]
[White "MITerryble"]
[Black "Lion-Al-Messi"]
[Result "1-0"]
[WhiteElo "3027"]
[BlackElo "2611"]
[TimeControl "180+1"]
[EndTime "14:16:10 PST"]
[Termination "MITerryble won by resignation"]

1. d4 d5 2. Bg5 Nd7 3. Nf3 h6 4. Bh4 Ngf6 5. e3 e6 6. c4 Bb4+ 7. Nc3 g5 8. Bg3 Ne4 9. Qb3 c5 10. Bd3 g4 11. Bxe4 dxe4 12. Ne5 Nxe5 13. Bxe5 f6 14.
Bg3 cxd4 15. Qxb4 dxc3 16. Rd1 Qe7 17. Bd6 Qg7 18. bxc3 Kf7 19. c5 f5 20. O-O Kg6 21. Bf4 a5 22. Qb5 Ra6 23. Rd6 Rxd6 24. cxd6 Qd7 25.
Qxa5 h5 26. Qe5 Rd8 27. h3 b6 28. Rb1 Qc6 29. h4 Bd7 30. Bg5 Rf8 31. Be7 Rf7 32. Qf4 Rh7 33. Qg5+ 1-0

[Event "Late-Titled-Tuesday-Blitz-January-16-2024"]
[Site "Chess.com"]
[Date "2024.01.16"]
[Round "2"]
[White "Mackster23"]
[Black "Yaacovn"]
[Result "0-1"]
[WhiteElo "2560"]
[BlackElo "2895"]
[TimeControl "180+1"]
[EndTime "14:16:10 PST"]
[Termination "Yaacovn won on time"]

1. e4 c6 2. d4 d5 3. Nd2 dxe4 4. Nxe4 Nf6 5. Nxf6+ gxf6 6. c3 Qd5 7. h3 Bf5 8. Nf3 Nd7 9. g3 O-O-O 10. Bg2 Be4 11. O-O Ne5 12. Ne1 Bxg2 13. Nxg2 Nf3+ 14. Kh1 e5 15. Be3 e4 16. Nf4 Qf5 17. Qa4 Bd6 18. g4 Qd7 19. Qxa7 h5 20. Qa8+ Kc7 21. Qa5+ Kc8 22. Qf5 hxg4 23. Qxd7+ Kxd7 24. Kg2 gxh3+ 25. Kh1 Rdg8 26. Ne2 h2 27. Bf4 Rg1+ 0-1

[Event "Late-Titled-Tuesday-Blitz-January-16-2024"]
[Site "Chess.com"]
[Date "2024.01.16"]
[Round "2"]
[White "FontVella8"]
[Black "Grindaveci"]
[Result "1-0"]
[WhiteElo "2745"]
[BlackElo "2471"]
[TimeControl "180+1"]
[EndTime "14:16:11 PST"]
[Termination "FontVella8 won by resignation"]

1. Nf3 d5 2. b3 Nf6 3. Bb2 Bf5 4. g3 e6 5. Bg2 c5 6. O-O Nc6 7.
d3 h6 8. Nbd2 Be7 9. Ne5 Nxe5 10. Bxe5 O-O 11. e4 Bg6 12. h3 Qb6 13. Qe2 Rfd8 14. f4 dxe4 15. dxe4 c4+ 16. Kh2 cxb3 17.
axb3 Qc6 18. f5 Bh7 19. Nc4 a6 20. Bxf6 gxf6 21. e5 Qc7 22. fxe6 b5 23. exf6 bxc4 24. Qg4+ Bg6 25. exf7+ Kh7 26. fxe7 Qxe7 27. Bxa8 Rxa8 28. Rxa6 Bxf7 29. Rxa8 1-0

[Event "Late-Titled-Tuesday-Blitz-January-16-2024"]
[Site "Chess.com"]
[Date "2024.01.16"]
[Round "2"]
[White "KSho99"]
[Black "Alexei_Gubajdullin"]
[Result "0-1"]
[WhiteElo "2168"]
[BlackElo "2649"]
[TimeControl "180+1"]
[EndTime "14:16:12 PST"]
[Termination "Alexei_Gubajdullin won by resignation"]

1. Nf3 Nf6 2. g3 d5 3. Bg2 c6 4. O-O Bf5 5. c4 e6 6. Qb3 Qb6 7. d3 Nbd7 8. cxd5 exd5 9. Qc2 Be7 10. Nc3 O-O 11. e4 dxe4 12. dxe4 Bg6 13. Nh4 Nc5 14.
Be3 Qc7 15. b4 Ne6 16. a3 Ng4 17. Nxg6 hxg6 18. Bc1 Rad8 19. h3 Nd4 20. Qb1 Ne5 21.
Bf4 g5 22. Be3 Nc4 23. Bc1 Bf6 24. Ra2 Rfe8 25. Ne2 b5 26. Nxd4 Bxd4 27. Kh2 f6 28. Qb3 Kh8 29. Qf3 Qf7 30. Re2 Ne5 31. Qf5 g6 0-1

[Event "Late-Titled-Tuesday-Blitz-January-16-2024"]
[Site "Chess.com"]
[Date "2024.01.16"]
[Round "2"]
[White "olawsson"]
[Black "Road2GM3000"]
[Result "0-1"]
[WhiteElo "2160"]
[BlackElo "2487"]
[TimeControl "180+1"]
[EndTime "14:16:14 PST"]
[Termination "Road2GM3000 won on time"]

1. d4 d5 2. c4 c6 3. cxd5 cxd5 4. Nc3 Nf6 5. Nf3 Nc6 6. Bf4 a6 7. e3 Bg4 8. h3 Bxf3 9. Qxf3 e6 10. Rc1 Bd6 11. Bd3 O-O 12. O-O Bxf4 13. Qxf4 Qa5 14. Bb1 Rac8 15. b3 b5 16. g4 Ne7 17. Ne2 Qd2 18.
Rxc8 Rxc8 19. Qd6 Ng6 20. Qxa6 Rb8 21. Qa7 Rf8 22. Bxg6 hxg6 23. Ng3 b4 24. Qc5 Ra8 25. a4 bxa3 0-1

[Event "Late-Titled-Tuesday-Blitz-January-16-2024"]
[Site "Chess.com"]
[Date "2024.01.16"]
[Round "2"]
[White "Makswolf200817"]
[Black "Maect19"]
[Result "1-0"]
[WhiteElo "2710"]
[BlackElo "2368"]
[TimeControl "180+1"]
[EndTime "14:16:15 PST"]
[Termination "Makswolf200817 won by checkmate"]

1. e4 e6 2. d4 d5 3. Nc3 Bb4 4. e5 c5 5. Bd2 cxd4 6. Nb5 Be7 7. Nxd4 Nc6 8. Ngf3 a6 9. c3 Bc5 10. Bd3 Nge7 11.
O-O Ng6 12. Re1 Qc7 13. Qe2 O-O 14. b4 Be7 15. a4 Bd7 16. h4 Rfc8 17. h5 Nf8 18. h6 g6 19. Bg5 Qd8 20. Bxe7 Nxe7 21. Ra3 Qe8 22. a5 Nc6 23. Nb3 Na7 24. Nc5 Rc7 25.
Qe3 Bb5 26. Bc2 Nd7 27. Nb3 Bc4 28. Nbd4 Nb5 29. Nxb5 Bxb5 30. Nd4 Bc4 31. Qg5 Qd8 32. Qg3 Qe7 33. Re3 Rac8 34. Ra1 Nf8 35. f4 Bb5 36.
Rae1 Bd7 37. Rf3 Kh8 38. Ref1 Be8 39. f5 exf5 40. Nxf5 gxf5 41. Qg7# 1-0

[Event "Late-Titled-Tuesday-Blitz-January-16-2024"]
[Site "Chess.com"]
[Date "2024.01.16"]
[Round "2"]
[White "KVAIDAN"]
[Black "The_Machine04"]
[Result "0-1"]
[WhiteElo "2380"]
[BlackElo "2708"]
[TimeControl "180+1"]
[EndTime "14:16:16 PST"]
[Termination "The_Machine04 won by resignation"]

1. f4 a6 2. Nf3 b5 3. d3 Bb7 4. e4 d5 5. exd5 Qxd5 6. Be2 Nf6 7. O-O e6 8. Nc3 Bc5+ 9. Kh1 Qd6 10. Qe1 Nbd7 11. Qg3 O-O-O 12. Ne5 Qe7 13. Bf3 Nd5 14. Ne4 g6 15. Nxc5 Nxc5 16. c4 Nb4 17. Bxb7+ Kxb7 18. Qf3+ Kb6 19. Be3 f6 20. d4 fxe5 21. dxc5+ Ka7 22. c6+ Kb8 23. cxb5 axb5 24. a3 Nc2 25. Qe2 Rd5 26.
Qxc2 exf4 27. Rxf4 e5 28. Rb4 Rhd8 29. a4 Qxb4 30. axb5 Qxb5 31. h3 R5d6 32. Rc1 Re6 33. Kh2 Rdd6 34. Rf1 Rxc6 35. Qd2 Kb7 36. Qd8 Qxf1 37.
Qd6 Rexd6 0-1

[Event "Late-Titled-Tuesday-Blitz-January-16-2024"]
[Site "Chess.com"]
[Date "2024.01.16"]
[Round "2"]
[White "sergoy"]
[Black "giomar27"]
[Result "1-0"]
[WhiteElo "3008"]
[BlackElo "2417"]
[TimeControl "180+1"]
[EndTime "14:16:16 PST"]
[Termination "sergoy won on time"]

1. d4 g6 2. c4 Bg7 3. Nc3 c5 4.
d5 Bxc3+ 5. bxc3 e5 6. h4 h6 7.
e4 d6 8. h5 g5 9. Bd3 Ne7 10.
Ne2 O-O 11. Ng3 Na6 12. Qc2 Nc7 13. Be3 Bd7 14. O-O Kg7 15. a4 Rb8 16. a5 Qc8 17.
Rfb1 Ng8 18. Qd2 Qd8 19. Rb2 b5 20. axb6 axb6 21. Rba2 b5 22. cxb5 Bxb5 23. c4 Bd7 24. Ra7 f6 25. Be2 Ne7 26. Qa5 Na8 27. Qa6 Nb6 28. Qa2 Ra8 29. Qc2 Qb8 30. Rxa8 Nxa8 31.
Qd1 Nb6 32. Bd2 Qb7 33. Rb1 Rb8 34. Nf1 Qa7 35. Ne3 Na4 36. Ra1 Rb7 37. Bg4 Bxg4 38. Qxg4 Rb3 39. Qe6 Kf8 40. Qxf6+ 1-0

[Event "Late-Titled-Tuesday-Blitz-January-16-2024"]
[Site "Chess.com"]
[Date "2024.01.16"]
[Round "2"]
[White "rezamahdavi2008"]
[Black "DishonorOnYourCow"]
[Result "1-0"]
[WhiteElo "2855"]
[BlackElo "2552"]
[TimeControl "180+1"]
[EndTime "14:16:17 PST"]
[Termination "rezamahdavi2008 won by checkmate"]

1. e4 c5 2. Nf3 d6 3. d4 cxd4 4. Nxd4 Nf6 5. Nc3 a6 6. h3 e5 7. Nf3 Be7 8. g4 Be6 9. Ng5 Qc7 10. Nxe6 fxe6 11. g5 Nfd7 12. Qg4 Nc5 13. Be3 Nbd7 14. Bc4 Qb6 15. O-O-O Qc6 16. Bxe6 Nf8 17. Bc4 Rc8 18. Bd5 Qc7 19. Bxc5 Qxc5 20. Bxb7 Rc7 21. Bxa6 Nd7 22. Bb5 Rb7 23. Bxd7+ Rxd7 24. Qe6 Rc7 25. Rd2 Rf8 26. Nd5 Rb7 27. Rhd1 Qb5 28. b3 Qc5 29. Ne3 Qa3+ 30. Kb1 Ra7 31. c4 Rf3 32. c5 dxc5 33. Rd8# 1-0

[Event "Late-Titled-Tuesday-Blitz-January-16-2024"]
[Site "Chess.com"]
[Date "2024.01.16"]
[Round "2"]
[White "SipkeErnst"]
[Black "AkatsukiLogHorizon"]
[Result "1-0"]
[WhiteElo "2678"]
[BlackElo "2282"]
[TimeControl "180+1"]
[EndTime "14:16:18 PST"]
[Termination "SipkeErnst won by resignation"]

1. d4 Nf6 2. c4 e6 3. Nf3 Bb4+ 4. Bd2 Bxd2+ 5. Qxd2 b6 6. Nc3 Bb7 7. e3 O-O 8. Bd3 d6 9. O-O Nbd7 10. Rfd1 Qe7 11. e4 e5 12. d5 a5 13. Bc2 Nc5 14. Qg5 g6 15. b3 Rfe8 16. a3 Nfd7 17. Qxe7 Rxe7 18. b4 Na6 19. Rab1 Nab8 20. Ba4 Nf6 21.
Nd2 Nbd7 22. Bc6 Bxc6 23. dxc6 Nf8 24. Nd5 Nxd5 25. exd5 f5 26. c5 axb4 27. cxd6 cxd6 28. axb4 Rea7 29. Nc4 1-0

[Event "Late-Titled-Tuesday-Blitz-January-16-2024"]
[Site "Chess.com"]
[Date "2024.01.16"]
[Round "2"]
[White "Hooded_Old_Man"]
[Black "Airquake"]
[Result "0-1"]
[WhiteElo "2268"]
[BlackElo "2525"]
[TimeControl "180+1"]
[EndTime "14:16:20 PST"]
[Termination "Airquake won by resignation"]

1. d4 c6 2. c4 d5 3. cxd5 cxd5 4. Nf3 g6 5. Nc3 Bg7 6. Bf4 Nf6 7. e3 O-O 8. Be2 Nc6 9. O-O b6 10. Rc1 Bb7 11.
Ne5 e6 12. Nxc6 Bxc6 13. Be5 Bb7 14. Qd2 Nd7 15. Bxg7 Kxg7 16. Rc2 Qh4 17. g3 Qh3 18. Bf3 Nf6 19. Bg2 Qf5 20. Rfc1 h5 21. Nb5 Ne8 22. Nc7 Nxc7 23. Rxc7 Ba6 24. Qc2 Bd3 25. Qc3 h4 26. Rd1 hxg3 27. hxg3 Ba6 28. e4 dxe4 29. d5+ e5 30. d6 Rad8 31. Qe3 Bd3 32. Rxa7 Rh8 33.
f4 Qh5 34. Kf2 Qxd1 35. fxe5 Rh5 0-1

[Event "Late-Titled-Tuesday-Blitz-January-16-2024"]
[Site "Chess.com"]
[Date "2024.01.16"]
[Round "2"]
[White "lucliasco"]
[Black "sergeikim"]
[Result "1/2-1/2"]
[WhiteElo "2887"]
[BlackElo "2568"]
[TimeControl "180+1"]
[EndTime "14:16:21 PST"]
[Termination "Game drawn by repetition"]

1. e4 e5 2. Nf3 Nc6 3. d4 exd4 4. Bc4 Nf6 5. O-O Nxe4 6. Re1 d5 7. Nc3 dxc4 8. Rxe4+ Be6 9. Nxd4 Nxd4 10. Rxd4 Bd6 11.
Bf4 O-O 12. Bxd6 cxd6 13. Rxd6 Qe7 14. Qd4 Rfd8 15. Rd1 Rxd6 16. Qxd6 Qxd6 17. Rxd6 Kf8 18. f4 Ke7 19. Rd4 a6 20. a4 b5 21. axb5 axb5 22.
Nxb5 Ra1+ 23. Kf2 Rb1 24. Na3 Rxb2 25. Nxc4 Rxc2+ 26. Nd2 h5 27. g3 g6 28. Ke3 Rc3+ 29. Rd3 Rc2 30. Ra3 Kf6 31. Nf3 Ra2 32. Rxa2 Bxa2 33.
Nd4 Bd5 34. Kd3 Bg2 35. h4 Bd5 36. Ke3 Bg2 37. Ne2 Bd5 38. Nc3 Bg2 39. Kf2 Bc6 40.
Ne2 Bd5 41. Ng1 Kf5 42. Ne2 Kg4 43. Nd4 Bb7 44. Nb5 Bd5 45. Nd6 Be6 46. Ne4 Kf5 47. Ng5 Bd5 48. Nh3 Kg4 49. Ng1 Be4 50. Ne2 Bd5 51. Nd4 Be4 52. Nb5 Bd5 53. Nd6 Be6 54.
Ne4 Kf5 55. Nd6+ Kg4 1/2-1/2

[Event "Late-Titled-Tuesday-Blitz-January-16-2024"]
[Site "Chess.com"]
[Date "2024.01.16"]
[Round "2"]
[White "bescmelasti"]
[Black "MajorCoast"]
[Result "1-0"]
[WhiteElo "2660"]
[BlackElo "2226"]
[TimeControl "180+1"]
[EndTime "14:16:21 PST"]
[Termination "bescmelasti won by resignation"]

1. e4 c5 2. Nf3 e6 3. d4 cxd4 4. Nxd4 Nf6 5. Nc3 Nc6 6. Nxc6 bxc6 7. e5 Nd5 8. Ne4 Qc7 9. f4 Qb6 10. c4 Bb4+ 11. Ke2 Ne7 12. Be3 Qa6 13. Kf2 Nf5 14.
Bd3 Nxe3 15. Kxe3 Qb6+ 16. Kf3 O-O 17. a3 Be7 18. b4 c5 19. bxc5 Bxc5 20. Nxc5 Qxc5 21.
Be4 Ba6 22. Qd6 Qxc4 23. Rhe1 Rab8 24. Re3 Rb3 25. Re1 Rxe3+ 26. Rxe3 Qf1+ 27. Kg3 g5 28. fxg5 Rb8 29. Qxb8+ Kg7 30. Qd8 1-0

[Event "Late-Titled-Tuesday-Blitz-January-16-2024"]
[Site "Chess.com"]
[Date "2024.01.16"]
[Round "2"]
[White "PedroGil25"]
[Black "Mops_2004"]
[Result "0-1"]
[WhiteElo "2380"]
[BlackElo "2689"]
[TimeControl "180+1"]
[EndTime "14:16:21 PST"]
[Termination "Mops_2004 won by resignation"]

1. e4 c6 2. Nf3 d5 3. Nc3 dxe4 4. Nxe4 Nf6 5. Qe2 Nxe4 6. Qxe4 Nd7 7. Bc4 Nf6 8. Ne5 e6 9. Qe2 b5 10. Bb3 Qc7 11. O-O Bd6 12. d4 Bb7 13. Bf4 O-O 14. Bg3 a5 15. a4 Nd5 16. Rfe1 b4 17. Nd3 Ba6 18. Qf3 Bxd3 19. Qxd3 Rad8 20. c3 Rb8 21.
Bc2 g6 22. c4 Ne7 23. b3 Nf5 24. Rad1 Rbd8 25. Qe4 Rd7 26. Qg4 h5 27. Qe4 Bxg3 28. hxg3 Rfd8 29. d5 cxd5 30. cxd5 Rxd5 31. Rxd5 Rxd5 32. Bb1 Qc3 33. Qe2 Nd4 34. Qa2 Qxe1+ 0-1

[Event "Late-Titled-Tuesday-Blitz-January-16-2024"]
[Site "Chess.com"]
[Date "2024.01.16"]
[Round "2"]
[White "WindWhistler11"]
[Black "Bala-Afiada"]
[Result "1-0"]
[WhiteElo "2447"]
[BlackElo "2027"]
[TimeControl "180+1"]
[EndTime "14:16:21 PST"]
[Termination "WindWhistler11 won by resignation"]

1. Nf3 d5 2. g3 c5 3. Bg2 Nc6 4. O-O e5 5. c4 e4 6. Ne1 Nf6 7. cxd5 Qxd5 8. Nc3 Qe6 9. Qa4 Bd7 10. Qd1 Bd6 11.
d3 exd3 12. Nxd3 O-O 13. Nb5 Bb8 14. Nxc5 Qe7 15. Nxb7 a6 16. N5d6 Bxd6 17. Qxd6 Qxd6 18. Nxd6 Rab8 19. e3 Ne5 20. b3 Rb6 21. Ba3 Rd8 22. h3 Bb5 23. Rfd1 Be2 24. Rd2 Nf3+ 25. Bxf3 Bxf3 26.
Nc4 Rxd2 27. Nxd2 Rc6 28. Nxf3 1-0

[Event "Late-Titled-Tuesday-Blitz-January-16-2024"]
[Site "Chess.com"]
[Date "2024.01.16"]
[Round "2"]
[White "TigrVShlyape"]
[Black "SanchezKelvin"]
[Result "1-0"]
[WhiteElo "2945"]
[BlackElo "2578"]
[TimeControl "180+1"]
[EndTime "14:16:22 PST"]
[Termination "TigrVShlyape won by resignation"]

1. e4 c5 2. Nf3 d6 3. d4 cxd4 4.
Nxd4 Nf6 5. Nc3 g6 6. Be2 Bg7 7. O-O O-O 8. Be3 a6 9. a4 Nbd7 10. Qd2 Ne5 11. f3 Bd7 12. a5 Rc8 13. Rfd1 Nh5 14.
Nd5 Bc6 15. Nb6 Rc7 16. c4 Nd7 17. Nd5 Bxd5 18. exd5 Nc5 19. Ra3 Nf6 20. b4 Ncd7 21. Rc3 Re8 22. Rc2 Qc8 23. Nb3 e5 24. dxe6 Rxe6 25.
Bf1 d5 26. Nd4 Re8 27. c5 Ne5 28. Bf4 Nh5 29. Bh6 Bh8 30. Qc1 Nc6 31. Nxc6 bxc6 32. Re2 Rce7 33. Rxe7 Rxe7 34. Re1 Bd4+ 35. Kh1 Rxe1 36.
Qxe1 Bg7 37. Bd2 Nf6 38. Qe2 Qe6 39. Qxe6 fxe6 40. Bxa6 Ne8 41. Bb7 1-0

[Event "Late-Titled-Tuesday-Blitz-January-16-2024"]
[Site "Chess.com"]
[Date "2024.01.16"]
[Round "2"]
[White "jefferyx"]
[Black "subham777"]
[Result "1-0"]
[WhiteElo "3000"]
[BlackElo "2601"]
[TimeControl "180+1"]
[EndTime "14:16:23 PST"]
[Termination "jefferyx won by resignation"]

1. d4 d5 2. c4 e6 3. Nf3 Nf6 4. Nc3 Be7 5. Bf4 O-O 6. a3 Ne4 7. Qc2 f5 8. e3 c6 9. Bd3 Nd7 10. h3 Ndf6 11. O-O h6 12. Ne5 g5 13. Bh2 Bd6 14. b4 Nxc3 15. Qxc3 Ne4 16. Qc2 Bd7 17. f3 Nf6 18. c5 Bc7 19. a4 a6 20.
Qb3 Qe8 21. Rab1 Qh5 22. b5 axb5 23. axb5 g4 24. bxc6 Bxc6 25. fxg4 fxg4 26. Be2 Bxe5 27. Bxe5 Qg5 28. Bxf6 Rxf6 29. Rxf6 Qxf6 30. Bxg4 e5 31. Rf1 Qe7 32. e4 exd4 33. exd5 Ba4 34. Be6+ Kh8 35.
Qd3 Qxc5 36. Qg6 Qe7 37. Rf7 Qxf7 38. Bxf7 1-0

[Event "Late-Titled-Tuesday-Blitz-January-16-2024"]
[Site "Chess.com"]
[Date "2024.01.16"]
[Round "2"]
[White "Too_Stupid_To_Play"]
[Black "WPWPWP-2015"]
[Result "0-1"]
[WhiteElo "2291"]
[BlackElo "2529"]
[TimeControl "180+1"]
[EndTime "14:16:23 PST"]
[Termination "WPWPWP-2015 won by resignation"]

1. d4 Nf6 2. Bf4 e6 3. e3 Be7 4. Nd2 O-O 5. Bd3 c5 6. c3 Nc6 7.
Ngf3 Re8 8. O-O b6 9. Ne5 Bb7 10. Ndf3 a6 11. Ng5 Rf8 12. Qc2 g6 13. Rad1 cxd4 14. exd4 Nd5 15. Nh3 d6 16. Nxc6 Bxc6 17. Bh6 Re8 18. Rfe1 Qd7 19. Qe2 Nf6 20. Nf4 Bf8 21.
Bxf8 Rxf8 22. h4 Rfe8 23. h5 e5 24. dxe5 Rxe5 25. Qc2 Qg4 26. g3 Qf3 27. Kh2 Rxh5+ 28. Nxh5 Qxh5+ 0-1

[Event "Late-Titled-Tuesday-Blitz-January-16-2024"]
[Site "Chess.com"]
[Date "2024.01.16"]
[Round "2"]
[White "GlavkonVVS"]
[Black "jjbolanos"]
[Result "1-0"]
[WhiteElo "2451"]
[BlackElo "2039"]
[TimeControl "180+1"]
[EndTime "14:16:23 PST"]
[Termination "GlavkonVVS won on time"]

1. c4 Nf6 2. Nc3 e6 3. Nf3 d5 4. d4 Be7 5. Bg5 Nbd7 6. e3 h6 7. Bf4 O-O 8. h3 c5 9. cxd5 Nxd5 10. Nxd5 exd5 11. Bd3 c4 12. Bc2 Bb4+ 13. Kf1 b6 14.
g4 a5 15. g5 h5 16. g6 fxg6 17. Bxg6 Rxf4 18. exf4 Qf6 19. f5 Nf8 20. Ne5 Nxg6 21. fxg6 Qg5 22. Qf3 Be6 23. Rg1 Qf5 24. Qxf5 Bxf5 25.
Rg3 h4 26. Rf3 Be4 27. Rf4 c3 28. bxc3 Bxc3 29. Rd1 Rc8 30. f3 Bb4 31. fxe4 1-0

[Event "Late-Titled-Tuesday-Blitz-January-16-2024"]
[Site "Chess.com"]
[Date "2024.01.16"]
[Round "2"]
[White "tolimachess"]
[Black "maurovargas01"]
[Result "1-0"]
[WhiteElo "2426"]
[BlackElo "1850"]
[TimeControl "180+1"]
[EndTime "14:16:23 PST"]
[Termination "tolimachess won by resignation"]

1. e4 d5 2. exd5 Qxd5 3. Nc3 Qa5 4. g3 c6 5. Bg2 Nf6 6. Nge2 Bg4 7. h3 Bh5 8. O-O Nbd7 9. d4 e6 10. Bf4 Be7 11.
a3 O-O 12. g4 Bg6 13. Ng3 Rad8 14. Qe2 Rde8 15. Kh2 h5 16. g5 h4 17. gxf6 hxg3+ 18. fxg3 Nxf6 19. Ne4 Qb6 20. Nxf6+ Bxf6 21. Bd6 Bxd4 22.
c3 Bc5 23. Bxf8 Bxf8 24. Rad1 Qc7 25. Qe3 Be7 26. Be4 Bxe4 27. Qxe4 a6 28. Rf3 Qb6 29.
Qe2 Qc7 30. Qf1 Rf8 31. Rfd3 Bh4 32. Qf4 Qxf4 33. gxf4 Bf6 34. Rd7 1-0

[Event "Late-Titled-Tuesday-Blitz-January-16-2024"]
[Site "Chess.com"]
[Date "2024.01.16"]
[Round "2"]
[White "AEMEffi"]
[Black "GMAkobianSTL"]
[Result "0-1"]
[WhiteElo "2347"]
[BlackElo "2701"]
[TimeControl "180+1"]
[EndTime "14:16:24 PST"]
[Termination "GMAkobianSTL won by resignation"]

1. d4 Nf6 2. c4 d6 3. Nc3 Nbd7 4.
Nf3 e5 5. Bg5 Be7 6. e3 O-O 7.
Qc2 c6 8. O-O-O Qc7 9. h3 a6 10. g4 b5 11. Nh4 Re8 12. Nf5 Bf8 13. Bg2 bxc4 14. dxe5 Rxe5 15. Bf4 Bb7 16. Bxe5 Nxe5 17. g5 Nfd7 18. f4 Nd3+ 19. Rxd3 cxd3 20. Qxd3 d5 21. h4 Nc5 22. Qc2 g6 23. Nd4 Re8 24. Rh3 Bg7 25.
h5 Bxd4 26. exd4 Qxf4+ 27. Qd2 Re1+ 28. Kc2 Qf5+ 0-1